 Dungeon Crawl Stone Soup version 0.23-a0-512-g50a8178 (webtiles) character file.

27 theanonym the Grave Robber (level 2, -1/19 HPs)
             Began as a Mummy Necromancer on Dec 4, 2018.
             Slain by a hobgoblin (4 damage)
             ... on level 1 of the Dungeon.
             The game lasted 00:01:49 (665 turns).

theanonym the Grave Robber (Mummy Necromancer)       Turns: 665, Time: 00:01:49

Health: -1/19      AC:  2    Str: 11    XL:     2   Next: 93%
Magic:  0/6        EV: 12    Int: 14    God:
Gold:   17         SH:  0    Dex: 12    Spells: 7/8 levels left

rFire    x . .     SeeInvis .   e - +0 short sword
rCold    + . .     Gourm    .   (no shield)
rNeg     + + +     Faith    .   a - +0 robe
rPois    ∞         Spirit   .   (no helmet)
rElec    .         Reflect  .   (no cloak)
rCorr    .         Harm     .   (no gloves)
MR       .....                  (no boots)
Stlth    ++........             (no amulet)
HPRegen  0.06/turn              (no ring)
MPRegen  0.10/turn              (no ring)

@: no status effects
A: no food or potions, fire vulnerability, cold resistance 1, negative energy
resistance 3, torment resistance, unbreathing
a: no special abilities


Innate Abilities, Weirdness & Mutations

You do not eat or drink.
Your flesh is vulnerable to fire.
You are immune to poison.
Your flesh is cold resistant. (rC+)
You are immune to negative energy. (rN+++)
You are immune to unholy pain and torment.
You can survive without breathing.


   Skills:
 - Level 0.1 Short Blades
 - Level 1.5 Dodging
 - Level 1.5 Stealth
 + Level 3.6 Spellcasting
 + Level 4.4 Necromancy


You had 7 spell levels left.
You knew the following spells:

 Your Spells              Type           Power        Failure   Level  Hunger
a - Pain                  Necr           ###.         3%          1    N/A

Your spell library contained the following spells:

 Spells                   Type           Power        Failure   Level  Hunger
 Animate Skeleton         Necr           N/A          3%          1    N/A
 Vampiric Draining        Necr           ###.......   10%         3    N/A
 Animate Dead             Necr           N/A          32%         4    N/A
 Regeneration             Chrm/Necr      Unusable     N/A         3    N/A

Skill      XL: |  1 |
---------------+----+-----
Spellcasting   | 3 |  3.6
Short Blades   | |  0.1
Dodging        | |  1.5
Stealth        | |  1.5
Necromancy     | |  4.4

Action                   || total
-------------------------++-------
Melee: Unarmed           ||    26
       Short sword       ||    16
 Cast: Pain              ||    29
 Stab: Sleeping          ||     2
Armor: Robe              ||     7
Dodge: Dodged            ||    31

Inventory:

Hand Weapons
 c - a +0 dagger
   (You took it off a goblin on level 1 of the Dungeon)
 e - a +0 short sword (weapon)
   (You took it off a kobold on level 1 of the Dungeon)
Armour
 a - a +0 robe (worn)
Scrolls
 b - a scroll of fog {unknown}
 d - a scroll of enchant weapon {unknown}


You were on level 1 of the Dungeon.
You were not hungry.

You visited 1 branch of the dungeon, and saw 1 of its levels.

You collected 17 gold pieces.

Dungeon Overview and Level Annotations

Branches:
Dungeon (1/15)

Altars:

'.......# ### ## #.......##
#.. .# #........# #.# .. #
#........# #.##. .#
#).......# #.#) #.#
.........# #..##...#
####+###.# #...#...#
.###.###.###########.#...#.##
...............(@g†)......>..
.#...###.###.########.####.#.
.#.#####.# #.# ##)####.#
.........# #.# #.......#
.....##### #.# #....=.)....#
.#.#.# #.# #.##...........
.#.# # #.# #........##.# .# #
#.# #.......... . ........
.........####


You could see a hobgoblin.

Notes
Turn   | Place    | Note
-------+----------+-------------------------------------------
     0 | D:1      | theanonym the Mummy Necromancer began the quest for the
                  | Orb.
     0 | D:1      | Reached XP level 1. HP: 13/13 MP: 4/4
   234 | D:1      | Reached skill level 3 in Spellcasting
   254 | D:1      | HP: 5/13 [goblin (3)]
   256 | D:1      | Reached XP level 2. HP: 7/19 MP: 0/6
   645 | D:1      | HP: 9/19 [hobgoblin (3)]
   651 | D:1      | HP: 8/19 [leopard gecko (2)]
   657 | D:1      | HP: 2/19 [rat (3)]
   665 | D:1      | Slain by a hobgoblin

Vanquished Creatures
  A dart slug (D:1)
  A leopard gecko (D:1)
  7 goblins (D:1)
  5 hobgoblins (D:1)
  A ball python (D:1)
  A bat (D:1)
  2 kobolds (D:1)
  3 rats (D:1)
21 creatures vanquished.

Table legend:
 A = Turns spent in this place as a percentage of turns spent in the entire game.
 B = Non-inter-level travel turns spent in this place as a percentage of non-inter-level travel turns spent in the entire game.
 C = Inter-level travel turns spent in this place as a percentage of turns spent in this place.
 D = Turns resting spent in this place as a percentage of non-inter-level travel turns spent in this place.
 E = Turns spent auto-exploring this place as a percentage of non-inter-level travel turns spent in this place.
 F = Non-inter-level travel turns spent in this place divided by the number of levels of this place that you've seen.
                   A       B       C       D       E      F
               +-------+-------+-------+-------+-------+----------------------
         Total | 100.0 | 100.0 |   0.0 |  66.8 |  13.7 | 665.0
       Dungeon | 100.0 | 100.0 |   0.0 |  66.8 |  13.7 | 665.0
               +-------+-------+-------+-------+-------+----------------------
